 Dungeon Crawl Stone Soup version 0.31-a0-818-ge7c7cf74f0 (webtiles) character file.

Game seed: 15949305343334382603

7783 Shayle the Holy Warrior (level 11, -5/120 HPs)
             Began as an Ogre Hexslinger on Sept 21, 2023.
             Was a Priest of the Shining One.
             Slain by a komodo dragon (24 damage)
             ... on level 1 of the Lair of Beasts on Sept 22, 2023.
             The game lasted 00:25:11 (9829 turns).

Shayle the Holy Warrior (Ogre Hexslinger)           Turns: 9829, Time: 00:25:11

Health: -5/120     AC:  8    Str: 14    XL:     11   Next: 20%
Magic:  18/24      EV: 10    Int: 21    God:    the Shining One [***...]
Gold:   631        SH: 11    Dex: 11    Spells: 26/29 levels left

rFire   . . .        y - +9 flail "Keiptag" {freeze, rC+ Int+3}
rCold   + . .        (no shield)
rNeg    + . .        H - +0 steam dragon scales
rPois   .            (helmet restricted)
rElec   .            l - +1 cloak
rCorr   .            (gloves unavailable)
SInv    .            (boots unavailable)
Will    +....        (no amulet)
Stlth   +            (no ring)
HPRegen 0.40/turn    (no ring)
MPRegen 0.19/turn

%: no passive effects
@: divinely shielded, glowing
A: large, unfitting armour, tough skin 1, teleportitis 1
a: Renounce Religion, Divine Shield, Cleansing Flame


You were on level 1 of the Lair of Beasts.
You worshipped the Shining One.
The Shining One was most pleased with you.
You visited 2 branches of the dungeon, and saw 10 of its levels.
You also visited: Ossuary.

You collected 631 gold pieces.

Inventory:

Hand Weapons
 a - a +1 sling of flaming
 y - the +9 flail "Keiptag" (weapon) {freeze, rC+ Int+3}
   (You found it in an ossuary)

   Int+3:     It affects your intelligence (+3).
   rC+:       It protects you from cold.
Missiles
 e - a curare-tipped dart (quivered)
 t - 4 atropa-tipped darts
Armour
 c - a +0 robe
 l - a +1 cloak (worn)
 H - +0 steam dragon scales (worn)
Jewellery
 C - a +5 ring of evasion
Wands
 m - a wand of light (1)
 E - a wand of charming (4)
 G - a wand of flame (11)
Scrolls
 b - a scroll of poison
 d - a scroll of noise
 g - 2 scrolls of enchant weapon
 j - a scroll of teleportation
 k - a scroll of blinking
 p - 2 scrolls of revelation
 r - 4 scrolls of fog
 x - a scroll of immolation
 B - a scroll of silence
 D - 2 scrolls of brand weapon
Potions
 h - a potion of brilliance {unknown}
 i - 3 potions of haste
 o - 3 potions of enlightenment
 q - 2 potions of berserk rage
 s - a potion of lignification {unknown}
 u - a potion of magic {unknown}
 v - 3 potions of curing
 w - a potion of invisibility {unknown}
 z - a potion of resistance
 A - a potion of degeneration {unknown}
 F - a potion of might


   Skills:
 + Level 11.2 Fighting
 - Level 1.3 Ranged Weapons
 - Level 1.7 Dodging
 + Level 9.5 Spellcasting
 - Level 2.6 Hexes
 - Level 1.9 Fire Magic
 * Level 12.7 Invocations


You had 26 spell levels left.
You knew the following spells:

 Your Spells              Type           Power      Damage    Failure   Level
a - Dazzling Flash        Conj/Hex       30%        N/A       12%         3

Your spell library contained the following spells:

 Spells                   Type           Power      Damage    Failure   Level
 Jinxbite                 Hex            42%        N/A       3%          2
 Apportation              Tloc           18%        N/A       7%          1
 Kiss of Death            Conj/Necr      36%        2d8       7%          1
 Necrotise                Necr           36%        1d5       7%          1
 Summon Small Mammal      Summ           36%        N/A       7%          1
 Confusing Touch          Hex            21%        N/A       7%          3
 Sigil of Binding         Hex            21%        N/A       7%          3
 Inner Flame              Hex/Fire       19%        N/A       8%          3
 Cause Fear               Hex            10%        N/A       22%         4
 Dimensional Bullseye     Hex/Tloc       7%         N/A       36%         4
 Dispel Undead            Necr           9%         3d8       56%         4
 Silence                  Hex/Air        7%         N/A       73%         5
 Agony                    Necr           9%         N/A       88%         5
 Alistair's Intoxication  Tmut/Pois      6%         N/A       88%         5


Dungeon Overview and Level Annotations

Branches:
Dungeon (9/15)             Temple (0/1) D:4            Lair (1/5) D:8
Ossuary (visited)
    Orc: D:9-12

Altars:
Kikubaaqudgha
Makhleb
Qazlal
The Shining One

Annotations:
D:5 2 transporters, Age's ghost, novice MiFi
D:9 Harold


Innate Abilities, Weirdness & Mutations

You are too large for most types of armour.
You have tough skin. (AC +1)
You are occasionally teleported next to monsters.


Message History

Aim: a komodo dragon (haloed, chance to affect: 31%)
The komodo dragon easily resists.
Aiming: Charm
Press: ? - help, Shift-Dir - straight line, f/p - komodo dragon
Aim: a komodo dragon (haloed, chance to affect: 31%)
The komodo dragon easily resists.
The komodo dragon bites you!
Blink to where?
Press: ? - help, Dir - move target, p - komodo dragon
As you read the scroll of blinking, it crumbles to dust.
Aiming: Charm
Press: ? - help, Shift-Dir - straight line, f - komodo dragon
Aim: a komodo dragon (chance to affect: 31%)
The komodo dragon easily resists.
You bludgeon the water moccasin!!
The water moccasin seems to slow down.
You freeze the water moccasin!
The water moccasin is almost dead.
The water moccasin completely misses you.
You sock the water moccasin!
The water moccasin seems to slow down.
You freeze the water moccasin.
You kill the water moccasin!
You sock the komodo dragon! You freeze the komodo dragon.
The komodo dragon is moderately wounded.
The komodo dragon bites you!!
* * * LOW HITPOINT WARNING * * *
You barely miss the komodo dragon.
The komodo dragon is moderately wounded.
You block the komodo dragon's attack. The komodo dragon misses you.
You feel better. The komodo dragon closely misses you.
You hit the komodo dragon. You freeze the komodo dragon.
The komodo dragon is moderately wounded.
The komodo dragon bites you!!
* * * LOW HITPOINT WARNING * * *
You hit the komodo dragon.
The komodo dragon seems to slow down.
You freeze the komodo dragon.
The komodo dragon is heavily wounded.
The komodo dragon bites you but does no damage.
You sock the komodo dragon! You freeze the komodo dragon.
The komodo dragon is almost dead.
The komodo dragon bites you!!
You die...

#### ####.##### ######..#
#........# #.......#
##........# ##......#
#.........# #......#
##.l......# #.......#
#....[...# #...(..#.
###......†.#
#......+.###.#......†.#
#......#.@l.........†..#
........####.#..........#
##......# ####........##
####..#### ##.# #.P# .#


You could see a komodo dragon (slow).

Vanquished Creatures
  Pikel (D:6)
  A cyclops (D:6)
  An unseen horror (D:6)
  A kobold demonologist (D:7)
  A troll (D:8)
  Prince Ribbit (D:9)
  5 blink frogs (Lair:1)
  A wyvern (D:9)
  5 yaks (D:8)
  A basilisk (D:6)
  A steam dragon (D:9)
  5 water moccasins
  An orc warrior (D:7)
  2 black bears
  An ice beast (D:8)
  4 sky beasts
  3 wolves
  An ogre (D:6)
  A centaur (D:8)
  A phantom (D:6)
  2 lemures (D:6)
  2 kobold brigands
  2 bullfrogs (D:7)
  3 scorpions
  7 water moccasin zombies (Ossuary)
  3 wights
  3 killer bees (D:8)
  2 electric eels (D:8)
  6 howler monkeys
  3 jellies (D:6)
  2 orc priests (D:6)
  8 hounds
  2 iguanas
  2 sleepcaps
  An orc wizard (D:6)
  2 mummies (Ossuary)
  8 adders
  A shadow imp (D:7)
  2 white imps (D:5)
  5 adder zombies (Ossuary)
  3 worms
  A dart slug (D:1)
  26 orcs
  4 ball pythons
  8 endoplasms
  6 giant cockroaches
  8 goblins
  9 hobgoblins
  12 jackals
  18 kobolds
  4 quokkas
  3 bats
  7 frilled lizards
  6 gnoll zombies (Ossuary)
  4 hobgoblin zombies (Ossuary)
  4 kobold zombies (Ossuary)
  4 orc zombies (Ossuary)
  5 rats
236 creatures vanquished.

Vanquished Creatures (others)
  A killer bee (D:8)
  A frilled lizard (D:3)
2 creatures vanquished.

Grand Total: 238 creatures vanquished

Notes
Turn   | Place    | Note
-------+----------+-------------------------------------------
     0 | D:1      | Shayle the Ogre Hexslinger began the quest for the Orb.
     0 | D:1      | Reached XP level 1. HP: 19/19 MP: 2/2
     0 | D:1      | Upgraded the game from 0.31-a0-810-ga77100ea1a to
                  | 0.31-a0-818-ge7c7cf74f0
    28 | D:1      | Reached skill level 1 in Fire Magic
    87 | D:1      | Reached XP level 2. HP: 19/28 MP: 4/4
   351 | D:1      | Reached XP level 3. HP: 36/36 MP: 6/6
   827 | D:2      | Found a faded altar of an unknown god.
   838 | D:2      | Prayed at the altar of an unknown god.
   838 | D:2      | Became a worshipper of the Shining One
   838 | D:2      | Reached * piety under the Shining One
   990 | D:2      | Reached XP level 4. HP: 45/45 MP: 7/7
  1374 | D:2      | Reached skill level 1 in Invocations
  2157 | D:3      | Reached XP level 5. HP: 51/53 MP: 9/9
  2213 | D:3      | Reached skill level 2 in Invocations
  2371 | D:4      | Found a staircase to the Ecumenical Temple.
  2813 | D:4      | Noticed a black bear
  2823 | D:4      | Gained mutation: Your muscles are strong. (Str +4, Int/Dex
                  | -1) [potion of mutation]
  2823 | D:4      | Gained mutation: You are dopey. (Int -2) [potion of
                  | mutation]
  2824 | D:4      | Killed a black bear
  2825 | D:4      | Reached skill level 3 in Invocations
  2825 | D:4      | Reached XP level 6. HP: 11/63 MP: 9/11
  2825 | D:4      | Lost mutation: You are dopey. (Int -2) [potion of mutation]
  2825 | D:4      | Lost mutation: Your muscles are strong. (Str +4, Int/Dex
                  | -1) [potion of mutation]
  2825 | D:4      | Gained mutation: You are vulnerable to heat. (rF-) [potion
                  | of mutation]
  2825 | D:4      | Gained mutation: You have hidden genetic potential. [potion
                  | of mutation]
  3107 | D:4      | Reached skill level 4 in Invocations
  3623 | D:5      | Entered Level 5 of the Dungeon
  3697 | D:5      | Found a sand-covered staircase.
  3703 | Ossuary  | Entered an ossuary
  3733 | Ossuary  | Reached skill level 5 in Fighting
  3733 | Ossuary  | Reached XP level 7. HP: 65/72 MP: 13/13
  3768 | Ossuary  | Reached ** piety under the Shining One
  3834 | Ossuary  | Gained mutation: You have a pair of small antennae on your
                  | head. [hidden potential]
  3853 | Ossuary  | Reached *** piety under the Shining One
  3862 | Ossuary  | Reached skill level 5 in Invocations
  4175 | Ossuary  | Reached XP level 8. HP: 83/83 MP: 10/15
  4203 | Ossuary  | Identified the +9 flail "Keiptag" {freeze, rC+ Int+3}
  4231 | D:5      | Reached skill level 5 in Spellcasting
  4231 | D:5      | Reached skill level 6 in Invocations
  4277 | D:5      | Noticed Pikel
  4454 | D:6      | Identified the +4 mace "Rigame" {drain, +Blink rPois Dex-3
                  | SInv}
  4561 | D:6      | Reached skill level 7 in Invocations
  4931 | D:6      | Noticed a cyclops
  4939 | D:6      | Killed a cyclops
  4940 | D:6      | Reached skill level 8 in Invocations
  4940 | D:6      | Reached XP level 9. HP: 21/94 MP: 6/18
  4943 | D:6      | Noticed an unseen horror
  4951 | D:6      | Killed an unseen horror
  4951 | D:6      | Gained mutation: You have sharp toenails. [hidden
                  | potential]
  4951 | D:6      | Lost mutation: You have hidden genetic potential. [hidden
                  | potential expressed]
  5771 | D:6      | Killed Pikel
  5772 | D:6      | Reached skill level 9 in Invocations
  5904 | D:5      | Lost mutation: You are vulnerable to heat. (rF-) [potion of
                  | mutation]
  5904 | D:5      | Lost mutation: You have a pair of small antennae on your
                  | head. [potion of mutation]
  5904 | D:5      | Lost mutation: You have sharp toenails. [potion of
                  | mutation]
  5904 | D:5      | Gained mutation: You are dopey. (Int -2) [potion of
                  | mutation]
  5904 | D:5      | Gained mutation: You are somewhat resistant to further
                  | mutation. [potion of mutation]
  5924 | D:5      | Found a transporter.
  5984 | D:5      | Identified the +0 leather armour of Wull {-Cast rC+++ rN+}
  6043 | D:5      | Found a transporter.
  6047 | D:5      | Noticed Age's ghost (novice MiFi)
  6396 | D:7      | Found a stormy altar of Qazlal.
  6433 | D:7      | Found a burning altar of Makhleb.
  6433 | D:7      | Noticed a green death
  6532 | D:7      | Noticed a kobold demonologist
  6532 | D:7      | Reached **** piety under the Shining One
  6545 | D:7      | Killed a kobold demonologist
  6546 | D:7      | Reached skill level 10 in Invocations
  6546 | D:7      | Reached XP level 10. HP: 105/107 MP: 12/21
  6953 | D:7      | Found an ancient bone altar of Kikubaaqudgha.
  7594 | D:8      | Lost mutation: You are somewhat resistant to further
                  | mutation. [potion of mutation]
  7594 | D:8      | Lost mutation: You are dopey. (Int -2) [potion of mutation]
  7594 | D:8      | Gained mutation: You are occasionally teleported next to
                  | monsters. [potion of mutation]
  7808 | D:7      | Reached skill level 11 in Invocations
  8056 | D:8      | Reached skill level 10 in Fighting
  8070 | D:8      | Found a staircase to the Lair.
  8082 | Lair:1   | Entered Level 1 of the Lair of Beasts
  8772 | D:8      | Found a glowing golden altar of the Shining One.
  9013 | D:9      | Noticed Prince Ribbit
  9024 | D:9      | Killed Prince Ribbit
  9025 | D:9      | Reached skill level 12 in Invocations
  9555 | D:8      | Learned a level 3 spell: Dazzling Flash
  9567 | D:9      | Noticed Harold
  9633 | D:8      | Reached XP level 11. HP: 84/119 MP: 24/24
  9829 | Lair:1   | Slain by a komodo dragon

Illustrated notes

Levels and vault maps discovered:
D:1:      erik_arrival_triangle_large, layout_loops_ring
D:2:      layout_basic, ebering_ecumenical_altar_webs
D:3:      layout_rooms, chequers_serial_rivers_micro_c
D:4:      layout_basic, minmay_temple_entry_enclosed_plants, minmay_starry_boxes
D:5:      layout_cave_pools, gammafunk_ghost_mausoleum,
          lightli_ossuary_entry_decrepit_ruins, minmay_misc_feat_ornament,
          uniq_pikel
D:6:      minmay_cornered_nines, layout_basic, chequers_arboretum
D:7:      layout_gridville, kiku_gazebo_pond_becter, makhleb_altar_promises_db,
          nicolae_qazlal_general_emergency, st_stairs_13
D:8:      layout_basic, mainiacjoe_overflow_tiny_flanked, erik_lair_island
D:9:      layout_basic, orc_0_dummy, uniq_prince_ribbit1, uniq_harold
Lair:1:   layout_roguey, infiniplex_staircase_pool_2, uniq_maggie

Skill      XL: |  1  2  3  4  5  6  7  8  9 10 11 |
---------------+----------------------------------+-----
Fire Magic     | 1 |  1.9
Fighting       | 2 3 4 5 6 7 9 10 11 | 11.2
Spellcasting   | 2 3 4 6 7 9 |  9.5
Invocations    | 1 3 4 5 8 10 12 | 12.7
Ranged Weapons | |  1.3
Dodging        | |  1.7
Hexes          | |  2.6

Action                     |  1- 3 |  4- 6 |  7- 9 | 10-12 || total
---------------------------+-------+-------+-------+-------++-------
  Melee: Unarmed           |       |     3 |       |       ||     3
         Flail             |       |       |    98 |   174 ||   272
         Kick              |       |       |     6 |       ||     6
         Punch             |       |       |       |     1 ||     1
   Fire: Sling             |   116 |   260 |   151 |       ||   527
  Throw: Dart              |       |       |       |     1 ||     1
 Invoke: Divine Shield     |       |     1 |     2 |     8 ||    11
         Cleansing Flame   |       |       |     5 |     3 ||     8
  Evoke: Wand              |       |     2 |     3 |    14 ||    19
    Use: Potion            |       |     5 |     5 |     3 ||    13
         Scroll            |       |       |     2 |    15 ||    17
 Armour: Robe              |    42 |   148 |   209 |   186 ||   585
         Steam dragon scal |       |       |       |    26 ||    26
  Dodge: Dodged            |    35 |   111 |   153 |   126 ||   425
  Block: Other             |       |     1 |    23 |    34 ||    58

Table legend: (Time is in decaauts)
 A = Elapsed time spent in this place.
 B = Non-inter-level travel time spent in this place.
 C = Inter-level travel time spent in this place.
 D = Time resting spent in this place.
 E = Time spent auto-exploring this place.
 F = Levels seen in this place.
 G = Mean time per level.
                   A        B        C        D        E       F      G
               +--------+--------+--------+--------+--------+-----+--------+
         Total |  10136 |   9748 |    388 |   2411 |   5139 |  11 |  921.5 |
       Dungeon |   9504 |   9116 |    388 |   2177 |   5139 |   9 | 1056.0 |
          Lair |     63 |     63 |      0 |      0 |      0 |   1 |   63.0 |
       Ossuary |    568 |    568 |      0 |    234 |      0 |   1 |  568.0 |
               +--------+--------+--------+--------+--------+-----+--------+

Top non-repeatable levels by time:
     D:6: 1637 daAuts
     D:8: 1466 daAuts
     D:7: 1454 daAuts
     D:4: 1379 daAuts
     D:2: 893 daAuts
     D:3: 767 daAuts
     D:1: 712 daAuts
     D:9: 598 daAuts
     D:5: 595 daAuts
 Ossuary: 568 daAuts
  Lair:1: 63 daAuts
